cohdb
Replays
Latest Replays
All Replays
Popular Replays
Top Player Replays
Match Explorer
How It Works
Community
CoH3 Stats
Reddit
Sign in to upload your games and track your stats! →
Sign in with Steam
Dak Truppen Cheese Truppen
Match 3675290
Overview
Messages
Build Orders
End
Construct Barracks
Selects Airborne Battlegroup
Selects Airborne Battlegroup
Selects Airborne Battlegroup
Riflemen Squad
Selects Pathfinders
Riflemen Squad
Riflemen Squad
1⁄4-ton 4x4 Truck
Mechanized Support Center
Construct Medical Station
M1918 Browing Automatic Rifles
Grenade Package
Selects Paratrooper Squad Paradrop
Construct Motor Pool
Paratrooper Squad Paradrop
M24 Chaffee Light Tank
AI Takeover
I Zinc I
Stanley_IceMan_PL
Govin
Wabble
0
0
Comments
sign in to comment!
No comments posted yet!